 Dungeon Crawl Stone Soup version 0.28.0-62-gf88900778d (webtiles) character file.

Game seed: 12359199042136839508

44 cbfl8 the Covered (level 3, -8/33 HPs)
             Began as a Minotaur Fighter on Aug 26, 2023.
             Killed by nerve-wracking pain
             ... invoked by Grinder
              (14 damage)
             ... on level 3 of the Dungeon.
             The game lasted 00:01:08 (2185 turns).

cbfl8 the Covered (Minotaur Fighter)                Turns: 2185, Time: 00:01:09

Health: -8/33      AC:  7    Str: 20    XL:     3   Next: 41%
Magic:  2/2        EV:  9    Int:  5    God:
Gold:   90         SH:  4    Dex: 11    Spells: 2/2 levels left

rFire   . . .      SeeInvis .   a - +0 war axe
rCold   . . .      Faith    .   c - +0 buckler
rNeg    . . .      Spirit   .   b - +0 scale mail
rPois   +          Reflect  .   (helmet restricted)
rElec   .          Harm     .   p - scarf {repulsion}
rCorr   .          Rampage  .   (no gloves)
Will    .....                   (no boots)
Stlth   ..........              (no amulet)
HPRegen 0.11/turn               o - ring of poison resistance
MPRegen 0.08/turn               (no ring)

@: silenced, repel missiles
A: horns 2, retaliatory headbutt
a: no special abilities


You were on level 3 of the Dungeon.
You visited 1 branch of the dungeon, and saw 3 of its levels.

You collected 90 gold pieces.

Inventory:

Hand Weapons
 a - a +0 war axe (weapon)
Armour
 b - a +0 scale mail (worn)
 c - a +0 buckler (worn)
 p - a scarf of repulsion (worn)
Jewellery
 o - a ring of poison resistance (left hand)
Scrolls
 f - 2 scrolls of teleportation {unknown}
 i - a scroll of amnesia {unknown}
 j - a scroll of enchant weapon {unknown}
 k - a scroll of vulnerability {unknown}
 l - a scroll of brand weapon {unknown}
 m - a scroll of identify {unknown}
 n - a scroll of immolation {unknown}
Potions
 d - a potion of might
 e - 2 potions of curing {unknown}
 h - 2 potions of haste {unknown}


   Skills:
 + Level 4.0 Fighting
 + Level 2.8 Axes
 + Level 4.1 Armour
 + Level 4.0 Shields
 * Level 1.1 Evocations


You had 2 spell levels left.
You didn't know any spells.
Your spell library contained the following spells:

 Spells                   Type           Power      Damage    Failure   Level
 Foxfire                  Conj/Fire      0%         2x1d4     89%         1
 Sting                    Tmut/Pois      0%         1d3       89%         1
 Blink                    Tloc           0%         N/A       96%         2
 Poisonous Vapours        Pois/Air       0%         N/A       96%         2
 Conjure Flame            Conj/Fire      0%         6-21      99%         3
 Inner Flame              Hex/Fire       0%         N/A       99%         3
 Lesser Beckoning         Tloc           0%         N/A       99%         3
 Flame Wave               Conj/Fire      0%         2d4       100%        4
 Olgreb's Toxic Radiance  Pois           0%         N/A       100%        4
 Manifold Assault         Tloc           0%         N/A       100%        5
 Ozocubu's Refrigeration  Ice            0%         4d5       100%        7
 Ignition                 Fire           0%         3d3       100%        8


Dungeon Overview and Level Annotations

Branches:
Dungeon (3/15)

Altars:

Annotations:
D:3 Grinder


Innate Abilities, Weirdness & Mutations

You have a pair of horns on your head.
You reflexively headbutt those who attack you in melee.


Message History

You kill the quokka!
You see here a quokka corpse.
An endoplasm comes into view.
Found a stone staircase leading down.
The endoplasm quivers.
The endoplasm closely misses you.
An endoplasm is nearby!
You barely miss the endoplasm. You headbutt the endoplasm.
You kill the endoplasm!
Grinder and an endoplasm come into view.
The endoplasm quivers.
Grinder moves out of view.
The endoplasm moves out of view.
There is a stone staircase leading down here.
No target in view!
There are monsters nearby!
There are monsters nearby!
You barely miss the endoplasm. You headbutt the endoplasm.
You kill the endoplasm!
Grinder says, "I used to sell toenails on the black market."
Grinder gestures at you. Pain shoots through your body!
Grinder is nearby!
Found 38 gold pieces.
You closely miss Grinder. Grinder hits you!
You writhe in agony.
Grinder blinks!
You are too injured to fight recklessly!
Grinder gestures at you. Pain shoots through your body!
There is a stone staircase leading down here.
Grinder blinks!
Grinder blinks!
Grinder closely misses you.
As you read the scroll labelled GEFRIUCISENA, it crumbles to dust.
A profound silence engulfs you.
It was a scroll of silence.
Grinder hits you.
You writhe in agony.
* * * LOW HITPOINT WARNING * * *
Magic scrolls do not work when you're silenced!
Grinder gestures at you. Pain shoots through your body!
You die...

#..# #. #.§# #. ##.# #.
############.#######.
#########............#.....#.
.........#............#.###.#.
#............................#.#.
#........................#.#.#.#.
#............÷.<@.5......#.#.#.#.
#...................(....#...#.#.
#.................(......#####.#.
#...........#....................
#...........+..................##
#...........####################
######.###### #.# #.#


You could see Grinder (unsilenced).

Vanquished Creatures
  A gnoll (D:1)
  6 endoplasms
  2 giant cockroaches
  4 hobgoblins
  4 jackals (D:3)
  A quokka (D:3)
  3 ball pythons
  2 frilled lizards
  4 kobolds
  3 rats
30 creatures vanquished.

Vanquished Creatures (others)
  3 toadstools (D:3)
3 creatures vanquished.

Grand Total: 33 creatures vanquished

Notes
Turn   | Place    | Note
-------+----------+-------------------------------------------
     0 | D:1      | cbfl8 the Minotaur Fighter began the quest for the Orb.
     0 | D:1      | Reached XP level 1. HP: 19/19 MP: 0/0
   514 | D:1      | Reached XP level 2. HP: 27/27 MP: 1/1
   962 | D:1      | You fall into a shaft and drop 1 floor!
  1123 | D:2      | Found a faded altar of an unknown god.
  1953 | D:3      | Reached XP level 3. HP: 32/33 MP: 2/2
  1961 | D:3      | Reached skill level 1 in Evocations
  2166 | D:3      | Noticed Grinder
  2185 | D:3      | Killed from afar by Grinder

Illustrated notes

Levels and vault maps discovered:
D:1:      dpeg_arrival_ternary, layout_loops_corners, minmay_tall_x
D:2:      layout_loops_ring, basic_ecumenical_altar
D:3:      layout_basic, minmay_gold_behind_fungi, uniq_grinder

Skill      XL: |  1  2  3 |
---------------+----------+-----
Armour         | 4 |  4.1
Shields        | 4 |  4.0
Fighting       | 4 |  4.0
Evocations     | 1 |  1.1
Axes           | |  2.8

Action                   || total
-------------------------++-------
Melee: War axe           ||    55
       Headbutt          ||     7
  Use: Scroll            ||     1
Armor: Scale mail        ||    21
Dodge: Dodged            ||    12
Block: Buckler           ||    17
